 Dungeon Sprint DCSS version 0.28.0-1-gb440e238dd (webtiles) character file.

Game seed: 12638202021201586684

8459 boopmooplesden the Tortoise (level 11, -10/102 HPs)
             Began as a Minotaur Fighter on Feb 22, 2022.
             Was an Elder of Okawaru.
             Killed from afar by an oklob plant (18 damage)
             ... with a splash of acid
             ... in the Dungeon (Sprint II: "The Violet Keep of Menkaure").
             The game lasted 00:08:07 (3059 turns).

boopmooplesden the Tortoise (Minotaur Fighter)      Turns: 3059, Time: 00:08:07

Health: -10/102    AC: 26    Str: 23    XL:     11   Next: 10%
Magic:  11/12      EV: 10    Int:  5    God:    Okawaru [****..]
Gold:   559        SH:  9    Dex: 10    Spells: 10/10 levels left

rFire   + . .      SeeInvis .   a - +1 long sword
rCold   . . .      Faith    .   c - +0 buckler
rNeg    . . .      Spirit   .   d - +4 plate armour {rF+}
rPois   .          Reflect  .   (helmet restricted)
rElec   .          Harm     .   (no cloak)
rCorr   .          Rampage  .   t - +0 pair of gloves
Will    .....      NoTele   +   (no boots)
Stlth   ..........              (no amulet)
HPRegen 0.27/turn               (no ring)
MPRegen 0.13/turn               (no ring)

@: heroic
A: horns 2, retaliatory headbutt, clumsy 1, deterioration 1, frail 1
a: Renounce Religion, Heroism, Finesse


You were in the Dungeon.
You worshipped Okawaru.
Okawaru was greatly pleased with you.
You visited 1 branch You collected 1183 gold pieces.
You spent 624 gold pieces at shops.

Inventory:

Hand Weapons
 a - a +1 long sword (weapon)
Armour
 b - a +0 scale mail
 c - a +0 buckler (worn)
 d - a +4 plate armour of fire resistance (worn)
 t - a +0 pair of gloves (worn)
Jewellery
 l - a ring of see invisible
 r - a ring of magical power
Scrolls
 j - 2 scrolls of blinking
Potions
 e - a potion of flight
 h - 6 potions of magic
 i - 2 potions of curing
 k - a potion of might
 p - a potion of resistance
 q - a potion of brilliance
 s - 2 potions of haste


   Skills:
 + Level 15.9(20.9) Fighting
 + Level 16.1(21.1) Long Blades
 + Level 17.2(22.2) Armour
 + Level 3.7(8.7) Dodging
 + Level 1.3(6.3) Stealth
 + Level 15.3(20.3) Shields
 + Level 3.9 Invocations


You had 10 spell levels left.
You didn't know any spells.
Your spell library was empty.

Dungeon Overview and Level Annotations

Branches:
Dungeon (1/1)

Altars:
Cheibriados
Dithmenos
Elyvilon
Fedhas
Gozag
Hepliaklqana
Kikubaaqudgha
Makhleb
Nemelex Xobeh
Okawaru
Qazlal
Ru
Sif Muna
Trog
Uskayaw
Vehumet
Wu Jian
Xom
Yredelemnul
Zin
The Shining One
Beogh
Jiyva
Lugonu

Shops:
D :=[!*:?*!*[=?(!

Annotations:
D exclusion: oklob plant, Lernaean hydra


Innate Abilities, Weirdness & Mutations

You have a pair of horns on your head.
You reflexively headbutt those who attack you in melee.
You are clumsy. (Dex -2)
Your body sometimes deteriorates upon taking damage.
You are frail. (-10% HP)


Message History

You block the manticore's attack. The manticore claws you.
* * * LOW HITPOINT WARNING * * *
You block the manticore's attack.
You slash the manticore! You headbutt the manticore!
The manticore is heavily wounded.
The manticore flicks its tail.
The volley of spikes hits you but does no damage.
You hit the manticore but do no damage. Your headbutt misses the manticore.
The manticore is heavily wounded.
You block the manticore's attack.
The manticore claws you but does no damage. x2
The manticore bites you but does no damage.
The manticore claws you but does no damage. x2
You slash the manticore! You headbutt the manticore!
You kill the manticore!
Okawaru accepts your kill. The manticore bites you!
* * * LOW HITPOINT WARNING * * *
The manticore closely misses you.
The manticore claws you but does no damage.
Your base Long Blades skill increases to level 16!
You hit the manticore. You headbutt the manticore!
The manticore is moderately wounded.
The manticore bites you but does no damage.
You block the manticore's attack. The manticore misses you.
You slice the manticore!! Your headbutt misses the manticore.
The manticore is heavily wounded.
You carefully extract the barbed spikes from your body.
The manticore bites you but does no damage.
You block the manticore's attack. The manticore completely misses you.
You slash the manticore! You headbutt the manticore.
You kill the manticore!
Okawaru is honoured by your kill. Okawaru grants you ammunition!
Something appears at your feet!
You feel yourself speed up.
An oklob plant is nearby!
The oklob plant spits acid at you. The splash of acid hits you!!
You die...

##..∩.....#≈≈≈≈#..##.#
##.⌠.∩....#≈≈####...###
##..∩.∩...#≈##.###'###.
##...∩.∩..#≈#..###.##..
##....∩.∩.'≈'##.'.<.'##
##.....∩.∩#≈#..###.##..
#▓▓▓▓▓▓▓###≈##.###'###.
##?($######≈≈####.).###
#!?.#@.'^##≈≈≈#..#†.#≈
#∩P$†(.#+##'#≈##...##≈
#$..#(##§##[#≈≈##+##≈≈
#$$.###≈§§####°°≈≈≈≈≈≈
##+###≈§≈°§# #'○○#+++#
.o##≈§○≈°###○○°≈≈≈≈#
+###≈○○≈○##≈°○○°≈≈≈≈
.99#+≈≈≈○○'≈≈§≈≈°§°§≈
#+###≈≈≈≈≈##°≈≈○°≈○≈°


You could see an oklob plant.

Vanquished Creatures
  2 boulder beetles (D)
  An iron elemental (D)
  A slime creature (D)
  An obsidian statue (D)
  3 manticores (D)
  A merfolk siren (D)
  A yaktaur (D)
  A hornet (D)
  3 polar bears (D)
  A blink frog (D)
  11 flying skulls (D)
  4 neqoxecs (D)
  Menkaure (D)
  3 water moccasins (D)
  4 scorpions (D)
  4 lava snakes (D)
42 creatures vanquished.

Vanquished Creatures (others)
  A water moccasin (D)
  12 tentacles (D)
13 creatures vanquished.

Grand Total: 55 creatures vanquished

Notes
Turn   | Place    | Note
-------+----------+-------------------------------------------
     0 | D        | boopmooplesden the Minotaur Fighter began the quest for the
                  | Orb.
     0 | D        | Reached XP level 1. HP: 19/19 MP: 0/0
     1 | D        | Noticed a boulder beetle
     1 | D        | Noticed a boulder beetle
     4 | D        | Noticed a merfolk siren
    15 | D        | Killed a merfolk siren
    16 | D        | Reached skill level 9 in Armour
    16 | D        | Reached XP level 2. HP: 37/37 MP: 1/1
    16 | D        | Reached XP level 3. HP: 42/42 MP: 2/2
    16 | D        | Reached XP level 4. HP: 50/50 MP: 3/3
    16 | D        | Reached XP level 5. HP: 57/57 MP: 4/4
    16 | D        | Reached XP level 6. HP: 63/63 MP: 5/5
    26 | D        | Noticed a neqoxec
    26 | D        | Noticed a neqoxec
    26 | D        | Noticed a neqoxec
    26 | D        | Noticed a neqoxec
    29 | D        | Gained mutation: You are clumsy. (Dex -2) [a neqoxec]
    33 | D        | Lost intelligence.
    34 | D        | Gained mutation: You are frail. (-10% HP) [a neqoxec]
    36 | D        | Gained mutation: You are somewhat resistant to further
                  | mutation. [a neqoxec]
    36 | D        | Gained mutation: Your body sometimes deteriorates upon
                  | taking damage. [a neqoxec]
    37 | D        | Killed a neqoxec
    38 | D        | Reached skill level 10 in Fighting
    38 | D        | Reached skill level 10 in Armour
    41 | D        | Killed a neqoxec
    42 | D        | Reached XP level 7. HP: 48/65 MP: 6/6
    50 | D        | Killed a neqoxec
    51 | D        | Reached skill level 10 in Shields
    55 | D        | Lost mutation: You are somewhat resistant to further
                  | mutation. [a neqoxec]
    59 | D        | Killed a neqoxec
    60 | D        | Reached skill level 11 in Armour
   281 | D        | Reached skill level 1 in Dodging
   281 | D        | Reached XP level 8. HP: 35/74 MP: 7/7
   314 | D        | Found Soxy's Assorted Antiques.
   314 | D        | Found Quufaa's General Store.
   314 | D        | Found Zeihycot's Magic Scroll Shop.
   314 | D        | Found Ihorur's Magic Scroll Boutique.
   315 | D        | Found Vuses's Distillery.
   315 | D        | Found Edodopus's Jewellery Boutique.
   315 | D        | Found Ipramp's Antique Armour Shop.
   315 | D        | Found Gogal's Book Boutique.
   315 | D        | Found Raofall's General Store.
   315 | D        | Found Xijah's Distillery.
   561 | D        | Found Nuroiban's Antique Weapon Boutique.
   561 | D        | Found Uwyz's Distillery.
   561 | D        | Found Tiamn's Antique Armour Shop.
   561 | D        | Found Foupij's Jewellery Boutique.
   561 | D        | Noticed Menkaure
   561 | D        | Noticed an iron elemental
   575 | D        | Killed Menkaure
   576 | D        | Reached skill level 10 in Long Blades
   577 | D        | Noticed an oklob plant
   578 | D        | Found Mibon's Book Shoppe.
   579 | D        | Noticed a manticore
   580 | D        | Noticed a manticore
   580 | D        | Noticed a manticore
   582 | D        | Noticed a slime creature
   586 | D        | Bought a shiny plate armour for 624 gold pieces
   614 | D        | Noticed a blink frog
   626 | D        | Killed a blink frog
   627 | D        | Reached skill level 12 in Armour
   635 | D        | Noticed an obsidian statue
   645 | D        | Found a glowing golden altar of the Shining One.
   645 | D        | Found an ornate altar of the Wu Jian Council.
   645 | D        | Found a stormy altar of Qazlal.
   646 | D        | Found a shimmering altar of Xom.
   646 | D        | Found a sacrificial altar of Ru.
   646 | D        | Found a hazy altar of Hepliaklqana.
   647 | D        | Found a basalt altar of Yredelemnul.
   647 | D        | Found a shimmering blue altar of Sif Muna.
   647 | D        | Found a viscous altar of Jiyva.
   648 | D        | Found a bloodstained altar of Trog.
   648 | D        | Found a glowing silver altar of Zin.
   648 | D        | Found an ancient bone altar of Kikubaaqudgha.
   648 | D        | Found a snail-covered altar of Cheibriados.
   649 | D        | Found a hide-covered altar of Uskayaw.
   649 | D        | Found a corrupted altar of Lugonu.
   649 | D        | Found a shadowy altar of Dithmenos.
   651 | D        | Found a radiant altar of Vehumet.
   651 | D        | Found a burning altar of Makhleb.
   651 | D        | Found a white marble altar of Elyvilon.
   652 | D        | Found a sparkling altar of Nemelex Xobeh.
   652 | D        | Found a blossoming altar of Fedhas.
   654 | D        | Found an iron altar of Okawaru.
   654 | D        | Found an opulent altar of Gozag.
   654 | D        | Noticed a hornet
   654 | D        | Noticed a polar bear
   654 | D        | Noticed a polar bear
   655 | D        | Noticed a yaktaur
   656 | D        | Noticed a polar bear
   663 | D        | Became a worshipper of Warmaster Okawaru
   672 | D        | Killed a polar bear
   673 | D        | Paralysed by a hornet for 1 turns
   678 | D        | Killed a hornet
   678 | D        | Reached * piety under Okawaru
   682 | D        | Killed a yaktaur
   683 | D        | Reached XP level 9. HP: 38/83 MP: 8/8
   687 | D        | HP: 3/83 [polar bear (6)]
   690 | D        | HP: 1/83 [polar bear (2)]
   691 | D        | Killed a polar bear
   692 | D        | Reached skill level 13 in Armour
  1072 | D        | Killed a polar bear
  1073 | D        | Reached skill level 1 in Stealth
  1081 | D        | Noticed a kraken
  1101 | D        | Reached ** piety under Okawaru
  1739 | D        | Reached skill level 14 in Armour
  1778 | D        | Reached skill level 15 in Armour
  1781 | D        | Reached *** piety under Okawaru
  1782 | D        | Reached XP level 10. HP: 50/92 MP: 7/9
  1816 | D        | Reached skill level 1 in Invocations
  2204 | D        | Killed a boulder beetle
  2204 | D        | Reached **** piety under Okawaru
  2205 | D        | Reached skill level 16 in Armour
  2234 | D        | Killed a boulder beetle
  2235 | D        | Reached skill level 15 in Long Blades
  2302 | D        | Killed an obsidian statue
  2457 | D        | Noticed an orc warlord
  2458 | D        | Noticed a toenail golem
  2465 | D        | Noticed a toenail golem
  2465 | D        | Noticed the 27-headed Lernaean hydra
  2765 | D        | Reached skill level 15 in Fighting
  3032 | D        | Killed a manticore
  3051 | D        | Killed an iron elemental
  3052 | D        | Reached skill level 17 in Armour
  3052 | D        | Reached skill level 15 in Shields
  3052 | D        | Reached XP level 11. HP: 15/101 MP: 12/12
  3058 | D        | Received a gift from Okawaru
  3059 | D        | Killed from afar by an oklob plant

Illustrated notes

Levels and vault maps discovered:
D:        the_violet_keep_of_menkaure [sprint2_stairs_cluster_1,
          sprint2_shoproom, sprint2_temple, sprint2_basic_supplies,
          sprint2_obstacle_3, sprint2_obstacle_1, sprint2_obstacle_4,
          sprint2_obstacle_5, sprint2_obstacle_7, sprint2_timed_cluster_1,
          sprint2_smallroom_cluster_1, sprint2_smallroom_final_cluster_1,
          sprint2_transparent_cluster_1, sprint2_second_timed_cluster_1,
          sprint2_sniper_area_1, sprint2_heavy_combat_area_1,
          sprint2_mutation_trap_area_1, sprint2_forest_area_1,
          sprint2_light_combat_area_1, sprint2_behind_water_1,
          sprint2_near_end_vault_1]

Skill      XL: |  1  2  3  4  5  6  7  8  9 10 11 |
---------------+----------------------------------+-----
Fighting       | 9 10 11 13 14 15 | 15.9
Long Blades    | 6 8 9 12 14 15 16 | 16.1
Armour         | 9 10 11 12 15 17 | 17.2
Shields        | 8 9 10 12 13 15 | 15.3
Dodging        | 1 2 3 |  3.7
Stealth        | 1 |  1.3
Invocations    | 3 |  3.9

Action                   |  1- 3 |  4- 6 |  7- 9 | 10-12 || total
-------------------------+-------+-------+-------+-------++-------
Melee: Long sword        |     9 |    13 |   160 |   161 ||   343
       Headbutt          |     1 |       |    31 |    44 ||    76
Invok: Heroism           |       |       |     2 |    11 ||    13
  Use: Potion            |     1 |       |     4 |     5 ||    10
       Scroll            |       |       |     9 |       ||     9
Armor: Scale mail        |       |     4 |     6 |       ||    10
       Plate armour      |       |       |    74 |    61 ||   135
Dodge: Dodged            |       |     2 |    57 |    41 ||   100
Block: Buckler           |       |     3 |    56 |    36 ||    95
